 Dungeon Crawl Stone Soup version 0.24-a0-335-g06ca16a (webtiles) character file.

Game seed: 15579854584093066513

3699 Firecrotchwizard the Basher (level 9, -2/82 HPs)
             Began as a Minotaur Fighter on May 19, 2019.
             Was an Initiate of Makhleb.
             Slain by a three-headed hydra (12 damage)
             ... on level 9 of the Dungeon.
             The game lasted 00:12:05 (8379 turns).

Firecrotchwizard the Basher (Minotaur Fighter)      Turns: 8379, Time: 00:12:05

Health: -2/82      AC: 12    Str: 27    XL:     9   Next: 91%
Magic:  8/8        EV:  7    Int:  6    God:    Makhleb [......]
Gold:   488        SH: 12    Dex: 11    Spells: 8/8 levels left

rFire    x . .     SeeInvis +   a - +0 flail
rCold    + . .     Gourm    .   c - +0 shield
rNeg     . . .     Faith    .   h - +0 chain mail
rPois    .         Spirit   .   (helmet restricted)
rElec    .         Reflect  .   (no cloak)
rCorr    .         Harm     .   y - +0 pair of gloves
MR       .....                  (no boots)
Stlth    ..........             (no amulet)
HPRegen  0.23/turn              i - ring of see invisible {sInv, !d}
MPRegen  0.11/turn              H - ring of ice {rC+, rF-}

@: mighty, marked
A: retaliatory headbutt, horns 2
a: Renounce Religion


You were on level 9 of the Dungeon.
You worshipped Makhleb.
Makhleb was noncommittal.
You were not hungry.

You visited 2 branches of the dungeon, and saw 10 of its levels.

You collected 488 gold pieces.

Inventory:

Hand Weapons
 a - a +0 flail (weapon)
Missiles
 E - a throwing net {=f, !d}
Armour
 b - a +0 scale mail
 c - a +0 shield (worn)
 h - a +0 chain mail (worn)
   (You found it on level 1 of the Dungeon)
 y - a +0 pair of gloves (worn)
   (You found it on level 4 of the Dungeon)
Jewellery
 i - a ring of see invisible (left hand) {sInv, !d}
   (You found it on level 1 of the Dungeon)
 H - a ring of ice (right hand) {rC+, rF-}
   (You found it on level 8 of the Dungeon)
 I - an uncursed amulet of magic regeneration {unknown}
   (You found it on level 9 of the Dungeon)
Wands
 n - a wand of digging (3)
   (You found it on level 2 of the Dungeon)
 B - a wand of polymorph (10)
   (You found it on level 4 of the Dungeon)
Scrolls
 j - 2 scrolls of blinking {unknown}
 k - 9 scrolls of identify {unknown}
 o - 3 scrolls of remove curse
 p - 2 scrolls of amnesia {unknown}
 r - 4 scrolls of fear
 s - 4 scrolls of teleportation {unknown}
 A - a scroll of holy word {unknown}
 D - 2 scrolls of enchant armour {unknown}
 F - a scroll of summoning {unknown}
 G - a scroll of enchant weapon {unknown}
Potions
 e - 6 potions of heal wounds
 g - 5 potions of curing
 l - 2 potions of lignification {unknown}
 m - a potion of brilliance {unknown}
 q - 2 potions of resistance {unknown}
 t - 3 potions of haste {unknown}
 u - a potion of degeneration {unknown}
 v - 2 potions of agility {unknown}
 w - 2 potions of flight {unknown}
 x - a potion of invisibility {unknown}
 z - 2 potions of mutation {unknown}
Comestibles
 f - 27 rations


   Skills:
 + Level 8.4 Fighting
 * Level 10.9 Maces & Flails
 + Level 8.5 Armour
 + Level 8.5 Shields


You had 8 spell levels left.
You didn't know any spells.
Your spell library was empty.

Dungeon Overview and Level Annotations

Branches:
Dungeon (9/15)             Temple (1/1) D:5
   Lair: D:8-11         Orc: D:9-12

Altars:
Ashenzari
Cheibriados
Dithmenos
Elyvilon
Fedhas
Gozag
Hepliaklqana
Kikubaaqudgha
Makhleb
Nemelex Xobeh
Okawaru
Qazlal
Ru
Sif Muna
Trog
Uskayaw
Vehumet
Wu Jian
Xom
Yredelemnul
Zin
The Shining One

Shops:
D:9 :

Annotations:
D:7 1 runed translucent door, Crazy Yiuf


Innate Abilities, Weirdness & Mutations

You reflexively headbutt those who attack you in melee.
You have a pair of horns on your head.


Message History

You headbutt the dream sheep, but do no damage.
A bullfrog zombie comes into view.
The big kobold hits you with a +1 hand axe of flaming.
The big kobold burns you.
A three-headed hydra comes into view.
You take 3 damage, and have 79/82 hp.
You closely miss the dream sheep. You block the dream sheep's attack.
An orc comes into view. It is wielding a +0 hand axe.
The big kobold hits you but does no damage.
Okay, then.
As you read the scroll labeled YXIRRORIMI, it crumbles to dust.
You feel blessed for a moment.
It was a scroll of remove curse.
A crimson imp comes into view.
You block the dream sheep's attack.
A big kobold comes into view.
You block the crocodile's attack. The yak gores you but does no damage.
An orc comes into view. It is wielding a +0 mace.
The big kobold hits you but does no damage.
Okay, then.
As you read the scroll labeled INAECI GOING, it crumbles to dust.
You assume a fearsome visage.
The crocodile looks frightened!
The orc looks frightened! x2; The three-headed hydra easily resists.
The big kobold looks frightened! x2
The dream sheep resists with some effort.
The yak looks frightened!
The adder looks frightened!
The bullfrog zombie is unaffected.
The crimson imp is unaffected.
It was a scroll of fear.
The dream sheep barely misses you.
An orc comes into view. It is wielding a +0 club.
You hit the dream sheep. You block the dream sheep's attack.
A yak comes into view.
You hit the dream sheep. You headbutt the dream sheep!
You block the three-headed hydra's attack.
The three-headed hydra bites you! The three-headed hydra bites you.
A howler monkey comes into view.
An orc comes into view. It is wielding a +0 mace.
The dream sheep bites you!
An orc comes into view. It is wielding a +0 whip.
You take 26 damage, and have 54/82 hp.
MASSIVE DAMAGE!!
You hit the three-headed hydra. You headbutt the three-headed hydra.
The orc mumbles, "Of all the rotten luck!"
The bullfrog zombie closely misses you.
The three-headed hydra barely misses you.
You furiously retaliate!
You headbutt the three-headed hydra!
The three-headed hydra completely misses you.
The three-headed hydra bites you but does no damage.
A big kobold comes into view.
A worker ant zombie comes into view.
The dream sheep ruffles its wool and motes of dream dust sparkle, to no effect.
An orc comes into view. It is wielding a +0 whip.
You hit the three-headed hydra. You headbutt the three-headed hydra.
The bullfrog zombie barely misses you. You furiously retaliate!
You headbutt the bullfrog zombie.
The three-headed hydra barely misses you.
The three-headed hydra bites you but does no damage.
You block the three-headed hydra's attack.
You block the dream sheep's attack.
You hit the three-headed hydra. You block the bullfrog zombie's attack.
A dream sheep comes into view.
You block the orc's attack.
You block the three-headed hydra's attack.
The three-headed hydra bites you but does no damage. x2
The howler monkey hoots and howls with incredible vigour!
You feel very mighty all of a sudden. You block the bullfrog zombie's attack.
The dream sheep shake their wool and sparkle.
You feel drowsy...
You fall asleep.
The orc hits you with a +0 hand axe.
You wake up.
The orc yells, "Help!"
The three-headed hydra bites you!
The three-headed hydra completely misses you.
The three-headed hydra bites you! The bullfrog zombie hits you.
* * * LOW HITPOINT WARNING * * *
You take 31 damage, and have 24/82 hp.
MASSIVE DAMAGE!!
Your shield and chain mail prevent you from hitting the three-headed hydra.
Your headbutt misses the three-headed hydra.
You block the dream sheep's attack.
An orc comes into view. It is wielding a +0 dagger.
A howler monkey comes into view.
The bullfrog zombie hits you but does no damage.
An orc comes into view.
The three-headed hydra bites you!
* * * LOW HITPOINT WARNING * * *
The three-headed hydra bites you.
* * * LOW HITPOINT WARNING * * *
The three-headed hydra bites you but does no damage.
The orc hits you with a +0 hand axe.
* * * LOW HITPOINT WARNING * * *
You block the crimson imp's attack.
You take 15 damage, and have 9/82 hp.
You sock the three-headed hydra!
Your headbutt misses the three-headed hydra.
The dream sheep bites you but does no damage.
An orc comes into view.
A crimson imp comes into view.
You block the bullfrog zombie's attack.
Unknown command.
You sock the three-headed hydra! You headbutt the three-headed hydra.
The three-headed hydra bites you!
You die...

....'..............# #.......
....#.##.##........#######...<...
....#+##'##.......##.............
.................................
####......h.........)............
#.............................
#.....5...ZhooY...............
+......o.oo.o5D........###..##
#.........#oZ@YY.......###..#
.'......##########K............#
.####'### #..........#..# ....
#.............# .....
.≈#..###.....##.# .......
..##..##.######.# .#...
≈.....#........##
#............... #...<........♣..


You could see a three-headed hydra, a yak, an orc warrior, a big kobold, 2 dream
sheep, 2 howler monkeys, 2 crimson imps, 6 orcs, a bullfrog zombie and a worker
ant zombie.

Vanquished Creatures
  Prince Ribbit (D:8)
  A water moccasin (D:8)
  A sky beast (D:6)
  3 ice beasts
  A black bear (D:7)
  5 ogres
  A phantom (D:9)
  A necrophage (D:9)
  3 centaurs
  Blork the orc (D:4)
  7 bullfrogs
  A gnoll sergeant (D:7)
  6 killer bees
  A howler monkey (D:5)
  3 bullfrog zombies
  4 crimson imps
  A centaur zombie (D:9)
  A hound (D:6)
  7 orc wizards
  2 orc priests
  A centaur skeleton (D:6)
  2 jellies
  A bullfrog skeleton (D:5)
  2 iguanas
  7 worker ants
  A hound skeleton (D:7)
  Robin (D:4)
  8 gnolls (D:7)
  12 adders
  A shadow imp (D:4)
  An ooze (D:1)
  An adder skeleton (D:5)
  2 worms
  A dart slug (D:2)
  2 leopard geckos
  27 orcs
  6 bats
  6 giant cockroaches
  15 goblins
  6 hobgoblins
  3 jackals (D:8)
  3 quokkas
  5 ball pythons
  5 frilled lizards
  A giant cockroach zombie (D:5)
  A jackal zombie (D:7)
  2 kobolds (D:2)
  8 rats
  2 bushes (D:7)
184 creatures vanquished.

Vanquished Creatures (others)
  A fungus (D:9)
1 creature vanquished.

Grand Total: 185 creatures vanquished

Notes
Turn   | Place    | Note
-------+----------+-------------------------------------------
     0 | D:1      | Firecrotchwizard the Minotaur Fighter began the quest for
                  | the Orb.
     0 | D:1      | Reached XP level 1. HP: 19/19 MP: 0/0
   128 | D:1      | Reached XP level 2. HP: 24/27 MP: 1/1
   527 | D:1      | Reached skill level 3 in Maces & Flails
   895 | D:2      | Reached skill level 4 in Fighting
   895 | D:2      | Reached skill level 4 in Armour
   895 | D:2      | Reached skill level 4 in Shields
   895 | D:2      | Reached XP level 3. HP: 10/33 MP: 2/2
   895 | D:2      | HP: 8/33 [poisoned by a worker ant]
   900 | D:2      | HP: 4/33 [poisoned by a worker ant]
  1147 | D:2      | Reached XP level 4. HP: 40/40 MP: 3/3
  1699 | D:3      | Found a basalt altar of Yredelemnul.
  1719 | D:3      | Reached skill level 4 in Maces & Flails
  1997 | D:3      | Reached XP level 5. HP: 46/47 MP: 4/4
  2627 | D:4      | Noticed an ogre
  2634 | D:4      | Killed an ogre
  2634 | D:4      | Reached skill level 5 in Maces & Flails
  2636 | D:4      | Reached XP level 6. HP: 15/55 MP: 5/5
  2868 | D:4      | Noticed Blork the orc
  2882 | D:4      | Killed Blork the orc
  2882 | D:4      | Reached skill level 5 in Fighting
  2882 | D:4      | Reached skill level 5 in Armour
  2882 | D:4      | Reached skill level 5 in Shields
  2955 | D:4      | Noticed Robin
  2963 | D:4      | Killed Robin
  3423 | D:4      | Reached skill level 6 in Maces & Flails
  3634 | D:5      | Entered Level 5 of the Dungeon
  3675 | D:5      | Reached XP level 7. HP: 61/61 MP: 6/6
  3983 | D:5      | Found a staircase to the Ecumenical Temple.
  3995 | D:5      | Reached skill level 7 in Maces & Flails
  3995 | D:5      | Reached skill level 6 in Armour
  3995 | D:5      | Reached skill level 6 in Shields
  4003 | Temple   | Entered the Ecumenical Temple
  4027 | D:5      | Reached skill level 6 in Fighting
  4028 | D:5      | Found a blossoming altar of Fedhas.
  4029 | D:5      | Reached XP level 8. HP: 46/70 MP: 7/7
  4410 | D:6      | HP: 12/70 [orc/+0 flail (6)]
  4415 | D:6      | HP: 9/70 [poisoned by an orc]
  4420 | D:6      | HP: 8/70 [poisoned by an orc]
  4426 | D:5      | HP: 6/70 [poisoned by an orc]
  4433 | D:5      | HP: 5/70 [poisoned by an orc]
  4441 | D:5      | HP: 5/70 [poisoned by an orc]
  4882 | D:6      | Reached skill level 8 in Maces & Flails
  5134 | D:6      | Reached skill level 7 in Armour
  5134 | D:6      | Reached skill level 7 in Shields
  5464 | D:7      | Reached skill level 7 in Fighting
  5504 | D:7      | Reached skill level 9 in Maces & Flails
  5526 | D:7      | Found a stormy altar of Qazlal.
  5721 | D:7      | Found a burning altar of Makhleb.
  5723 | D:7      | Found a white marble altar of Elyvilon.
  5737 | D:7      | Reached XP level 9. HP: 50/79 MP: 8/8
  6470 | D:7      | Found a runed translucent door.
  6471 | D:7      | Noticed Crazy Yiuf
  6560 | D:8      | Noticed Prince Ribbit
  6565 | D:8      | Noticed a two-headed ogre
  6958 | D:7      | Reached skill level 10 in Maces & Flails
  7140 | D:7      | Became a worshipper of Makhleb the Destroyer
  7200 | D:8      | Reached skill level 8 in Armour
  7200 | D:8      | Reached skill level 8 in Shields
  7222 | D:8      | Killed Prince Ribbit
  7222 | D:8      | Reached skill level 8 in Fighting
  7494 | D:8      | Found a deep blue altar of Sif Muna.
  7603 | D:8      | Found a sparkling altar of Nemelex Xobeh.
  7964 | D:8      | Found a glowing golden altar of the Shining One.
  8143 | D:9      | Found Riocvofoets's Book Shoppe.
  8367 | D:9      | Noticed a three-headed hydra
  8377 | D:9      | HP: 16/82 [three-headed hydra (8)]
  8379 | D:9      | Slain by a three-headed hydra

Levels and vault maps discovered:
D:1:      dpeg_arrival_brainrot, layout_basic
D:2:      layout_loops_cross
D:3:      kb_forest_paths, layout_basic, old_standard_altar
D:4:      layout_loops_ring, uniq_blork_the_orc, uniq_robin
D:5:      layout_basic, lemuel_crystal_altar, minmay_temple_entry_mini_moons,
          first_ration, grunt_decor_cap
D:6:      layout_cave_pools
D:7:      layout_basic, nicolae_overflow_hidden_temple, basic_altar,
          uniq_crazy_yiuf_cottage
D:8:      layout_rooms, nicolae_tso_carved_into_rock, lemuel_blue_sif_altar,
          nicolae_overflow_crystal_walls, uniq_prince_ribbit1
D:9:      layout_basic, david_lair_generic, david_orc_2, serial_shops,
          nicolae_shop_trees, hangedman_ranch [blue_anna_fruit_fields],
          minmay_between
Temple:   nicolae_temple_no_exploring_needed

Skill      XL: |  1  2  3  4  5  6  7  8  9 |
---------------+----------------------------+-----
Maces & Flails | 3 4 5 6 7 9 10 | 10.9
Fighting       | 4 5 6 7 8 |  8.4
Armour         | 4 5 6 7 8 |  8.5
Shields        | 4 5 6 7 8 |  8.5

Action                   |  1- 3 |  4- 6 |  7- 9 || total
-------------------------+-------+-------+-------++-------
Melee: Flail             |    62 |   182 |   491 ||   735
       Headbutt          |     9 |    37 |    98 ||   144
Evoke: Wand              |       |       |     1 ||     1
  Use: Potion            |     1 |     2 |     1 ||     4
       Scroll            |       |       |     2 ||     2
  Eat: Chunk             |     1 |     8 |    12 ||    21
       Ration            |       |       |     1 ||     1
Armor: Scale mail        |    27 |       |       ||    27
       Chain mail        |    32 |    75 |   263 ||   370
Dodge: Dodged            |    17 |    29 |   124 ||   170
Block: Shield            |    27 |    75 |   312 ||   414

Table legend:
 A = Non-vault XP
 B = Vault XP
 C = Vault XP percentage of total XP
 D = Non-vault monster count
 E = Vault monster count
 F = Vault count percentage of total count
                 A         B        C        D         E       F
            +---------+---------+-------+---------+---------+-------
      Total |    4716 |     569 |  10.8 |     157 |      25 |  13.7
            +---------+---------+-------+---------+---------+-------
        D:1 |      24 |       5 |  17.2 |      12 |       1 |   7.7
        D:2 |      97 |       0 |   0.0 |      16 |       0 |   0.0
        D:3 |     106 |      12 |  10.2 |      17 |       6 |  26.1
        D:4 |     351 |     130 |  27.0 |      15 |      14 |  48.3
        D:5 |     711 |       0 |   0.0 |      15 |       0 |   0.0
        D:6 |     928 |       0 |   0.0 |      27 |       0 |   0.0
        D:7 |    1380 |       0 |   0.0 |      30 |       0 |   0.0
        D:8 |     805 |     296 |  26.9 |      21 |       1 |   4.5
        D:9 |     314 |     126 |  28.6 |       4 |       3 |  42.9
            +---------+---------+-------+---------+---------+-------

Levels and vault maps discovered:
D:1:      dpeg_arrival_brainrot, layout_basic
D:2:      layout_loops_cross
D:3:      kb_forest_paths, layout_basic, old_standard_altar
D:4:      layout_loops_ring, uniq_blork_the_orc, uniq_robin
D:5:      layout_basic, lemuel_crystal_altar, minmay_temple_entry_mini_moons,
          first_ration, grunt_decor_cap
D:6:      layout_cave_pools
D:7:      layout_basic, nicolae_overflow_hidden_temple, basic_altar,
          uniq_crazy_yiuf_cottage
D:8:      layout_rooms, nicolae_tso_carved_into_rock, lemuel_blue_sif_altar,
          nicolae_overflow_crystal_walls, uniq_prince_ribbit1
D:9:      layout_basic, david_lair_generic, david_orc_2, serial_shops,
          nicolae_shop_trees, hangedman_ranch [blue_anna_fruit_fields],
          minmay_between
Temple:   nicolae_temple_no_exploring_needed

Table legend:
 A = Turns spent in this place as a percentage of turns spent in the entire game.
 B = Non-inter-level travel turns spent in this place as a percentage of non-inter-level travel turns spent in the entire game.
 C = Inter-level travel turns spent in this place as a percentage of turns spent in this place.
 D = Turns resting spent in this place as a percentage of non-inter-level travel turns spent in this place.
 E = Turns spent auto-exploring this place as a percentage of non-inter-level travel turns spent in this place.
 F = Non-inter-level travel turns spent in this place divided by the number of levels of this place that you've seen.
                   A       B       C       D       E      F
               +-------+-------+-------+-------+-------+----------------------
         Total | 100.0 | 100.0 |   2.8 |  30.5 |  51.2 | 814.4
       Dungeon | 100.0 | 100.0 |   2.8 |  30.5 |  51.2 | 904.7
        Temple |   0.0 |   0.0 |   0.0 |   0.0 |   0.0 |   2.0
               +-------+-------+-------+-------+-------+----------------------

Table legend:
 A = Kills in this place as a percentage of kills in entire the game.
 B = Kills by you in this place as a percentage of kills by you in the entire game.
 C = Kills by friends in this place as a percentage of kills by friends in the entire game.
 D = Other kills in this place as a percentage of other kills in the entire game.
 E = Experience gained in this place as a percentage of experience gained in the entire game.
 F = Experience gained in this place divided by the number of levels of this place that you have seen.
                   A       B       C       D       E      F
               +-------+-------+-------+-------+-------+----------------------
         Total | 100.0 | 100.0 |   N/A |   N/A | 100.0 | 528.5
       Dungeon | 100.0 | 100.0 |   N/A |   N/A | 100.0 | 587.2
               +-------+-------+-------+-------+-------+----------------------
